 Dungeon Crawl Stone Soup version 0.25-a0-356-g7c9d860b3b (webtiles) character file.

Game seed: 15588104495699053940, levelgen mode: deterministic

44 Lavandula the Poker (level 3, -2/29 HPs)
             Began as a Merfolk Monk on Jan 3, 2020.
             Slain by an orc wizard
             ... wielding a +0 dagger
              (4 damage)
             ... on level 4 of the Dungeon.
             The game lasted 00:03:23 (1350 turns).

Lavandula the Poker (Merfolk Monk)                  Turns: 1350, Time: 00:03:24

Health: -2/29      AC:  4    Str: 12    XL:     3   Next: 60%
Magic:  3/3        EV: 14    Int:  9    God:
Gold:   68         SH:  0    Dex: 16    Spells: 2/2 levels left

rFire    + . .     SeeInvis .   a - +0 spear
rCold    + . .     Gourm    .   (no shield)
rNeg     . . .     Faith    .   b - +0 robe
rPois    +         Spirit   .   (no helmet)
rElec    +         Reflect  .   e - +0 cloak
rCorr    +         Harm     .   i - +0 pair of gloves
MR       .....                  (no boots)
Stlth    ++........             (no amulet)
HPRegen  0.09/turn              (no ring)
MPRegen  0.08/turn              (no ring)

@: resistant, flying
A: change form in water, swift swim, stealthy swim
a: no special abilities


You were on level 4 of the Dungeon.
You were hungry.

You visited 1 branch of the dungeon, and saw 4 of its levels.

You collected 68 gold pieces.

Inventory:

Hand Weapons
 a - a +0 spear (weapon)
Armour
 b - a +0 robe (worn)
 e - a +0 cloak (worn)
 i - a +0 pair of gloves (worn)
Scrolls
 d - a scroll of remove curse
 h - 2 scrolls of fog
 j - a scroll of identify
Potions
 g - a potion of flight
Comestibles
 c - 3 rations
 l - 2 chunks of flesh


   Skills:
 - Level 3.2 Fighting
 + Level 6.6 Polearms
 - Level 4.0 Dodging
 - Level 2.1 Stealth


You had 2 spell levels left.
You didn't know any spells.
Your spell library was empty.

Dungeon Overview and Level Annotations

Branches:
Dungeon (4/15)
 Temple: D:4-7

Altars:

Annotations:
D:2 Sigmund


Message History

Aim: an adder You reach to attack!
You hit the adder but do no damage.
Attack whom?
Press: ? - help, Dir - move target cursor, f/p - adder
Aim: an adder Something you can't see is in the way.
You barely miss something. Something hits you.
* * * LOW HITPOINT WARNING * * *
Attack whom?
Press: ? - help, Dir - move target cursor, f/p - adder
Aim: an adder You reach to attack!
You miss the adder. Something hits you but does no damage.
Attack whom?
Press: ? - help, Dir - move target cursor, f/p - adder
Aim: an adder You reach to attack!
You hit the adder.
The adder is moderately wounded.
You are feeling hungry.
Something hits you.
You die...

..#
...
$.
..
###.
#S.
#{#
#@#
###


You could see an adder.

Vanquished Creatures
  An adder (D:2)
  2 dart slugs
  A leopard gecko (D:3)
  An orc (D:3)
  2 giant cockroaches
  4 hobgoblins
  2 jackals (D:3)
  A ball python (D:3)
  6 bats
  A frilled lizard (D:1)
  4 goblins
  2 rats (D:2)
27 creatures vanquished.

Notes
Turn   | Place    | Note
-------+----------+-------------------------------------------
     0 | D:1      | Lavandula the Merfolk Monk began the quest for the Orb.
     0 | D:1      | Reached XP level 1. HP: 18/18 MP: 1/1
   171 | D:1      | Reached skill level 5 in Polearms
   203 | D:1      | Reached XP level 2. HP: 24/24 MP: 2/2
   462 | D:2      | Noticed Sigmund
   999 | D:2      | Reached skill level 6 in Polearms
   999 | D:2      | Reached XP level 3. HP: 23/29 MP: 3/3
  1350 | D:4      | Slain by an orc wizard

Levels and vault maps discovered:
D:1:      lightli_iron_boxes, layout_basic, chequers_arboretum
D:2:      layout_loops_ring, bloody_makhleb, uniq_crazy_yiuf_cottage,
          uniq_sigmund
D:3:      layout_basic, gammafunk_temple_overflow_arena
D:4:      layout_basic, chequers_garden, okawaru_trees_1, uniq_eustachio

Skill      XL: |  1  2 |
---------------+-------+-----
Polearms       | 5 6 |  6.6
Fighting       | |  3.2
Dodging        | |  4.0
Stealth        | |  2.1

Action                   || total
-------------------------++-------
Melee: Spear             ||   136
  Use: Scroll            ||     3
       Potion            ||     2
 Stab: Sleeping          ||     5
  Eat: Chunk             ||     1
Armor: Robe              ||    18
Dodge: Dodged            ||    70

Table legend:
 A = Non-vault XP
 B = Vault XP
 C = Vault XP percentage of total XP
 D = Non-vault monster count
 E = Vault monster count
 F = Vault count percentage of total count
                 A         B        C        D         E       F
            +---------+---------+-------+---------+---------+-------
      Total |      63 |       0 |   0.0 |      27 |       0 |   0.0
            +---------+---------+-------+---------+---------+-------
        D:1 |      13 |       0 |   0.0 |       7 |       0 |   0.0
        D:2 |      30 |       0 |   0.0 |      10 |       0 |   0.0
        D:3 |      20 |       0 |   0.0 |      10 |       0 |   0.0
            +---------+---------+-------+---------+---------+-------
